[Event "December 12 Early 2023"]
[Site "https://www.chess.com"]
[Date "2023.12.12"]
[Round "10"]
[White "Gontcharov, Vladislav"]
[Black "Bazilius, Augustinas"]
[Result "1-0"]
[Board "49"]
[TimeControl "180+1"]
[WhiteFideId "4123492"]
[BlackFideId "12832251"]
[WhiteElo "2669"]
[BlackElo "2457"]
[WhiteTeam "RUS"]
[BlackTeam "LTU"]
[WhiteClock "0:00:53"]
[BlackClock "0:00:00"]

1. d4 Nf6 2. c4 g6 3. Nc3 d6 4. Nf3 Bg7 5. Bg5 O-O 6. e3 Nbd7 7. Be2 c5 8. O-O cxd4 9. Nxd4 Ne5 10. Rc1 a6 11. b3 Rb8 12. h3 Qc7 13. Bxf6 exf6 14. Nd5 Qd8 15. Qd2 Be6 16. Qb4 Nc6 17. Qd2 Bxd5 18. cxd5 Nxd4 19. Qxd4 f5 20. Qb4 Qd7 21. Rc4 Rbc8 22. Rfc1 Rxc4 23. Qxc4 Bf6 24. Qc7 Rd8 25. Qxd7 Rxd7 26. Rc8+ Kg7 27. f4 h6 28. Kf2 Bb2 29. g4 fxg4 30. hxg4 Ba3 31. e4 Bb2 32. Ke3 f6 33. Kd3 Ba3 34. Bf3 g5 35. e5 dxe5 36. fxe5 fxe5 37. Be4 Bd6 38. Bf5 Rc7 39. Rd8 Be7 40. Re8 Bf6 41. d6 Rc6 42. d7 Rd6+ 43. Ke4 Rd4+ 44. Ke3 Kf7 45. Rb8 b5 46. Rb6 Be7 47. Rxh6 1-0

[Event "December 12 Early 2023"]
[Site "https://www.chess.com"]
[Date "2023.12.12"]
[Round "10"]
[White "Dyulgerov, Volen"]
[Black "Koellner, Ruben Gideon"]
[Result "0-1"]
[Board "50"]
[TimeControl "180+1"]
[WhiteFideId "2918978"]
[BlackFideId "12993093"]
[WhiteElo "2443"]
[BlackElo "2658"]
[WhiteTeam "BUL"]
[BlackTeam "GER"]
[WhiteClock "0:01:24"]
[BlackClock "0:02:44"]

1. e4 d6 2. d4 Nf6 3. Nc3 e5 4. Nf3 Nbd7 5. Bc4 Be7 6. O-O c6 7. a4 h6 8. Nh4 g6 9. f4 exd4 10. Bxf7+ Kxf7 11. Qxd4 Qb6 12. e5 Qxd4+ 0-1

[Event "December 12 Early 2023"]
[Site "https://www.chess.com"]
[Date "2023.12.12"]
[Round "10"]
[White "Cordoba Roa, Angel Gabriel"]
[Black "Chlpik, Martin"]
[Result "1-0"]
[Board "51"]
[TimeControl "180+1"]
[WhiteFideId "3957624"]
[BlackFideId "14923351"]
[WhiteElo "2592"]
[BlackElo "2385"]
[WhiteTeam "COL"]
[BlackTeam "SVK"]
[WhiteClock "0:00:14"]
[BlackClock "0:00:02"]

1. e4 c5 2. Nf3 d6 3. Bb5+ Bd7 4. c4 a6 5. Bxd7+ Qxd7 6. Nc3 Nc6 7. O-O Nf6 8. Rb1 g6 9. a3 b5 10. cxb5 axb5 11. Nxb5 Nxe4 12. Re1 Nf6 13. d4 cxd4 14. Nbxd4 Nxd4 15. Nxd4 Bg7 16. b4 O-O 17. b5 Nd5 18. Bb2 Nf4 19. Nc6 Bxb2 20. Nxe7+ Kg7 21. Rxb2 Ne6 22. Nd5 Rxa3 23. b6 Qb7 24. Ne3 Rd8 25. Nc4 Ra6 26. Qb3 d5 27. Ne5 Rd6 28. Reb1 Raxb6 29. Qxb6 Rxb6 30. Rxb6 Qc7 31. Nxf7 Nc5 32. Nd6 Kh6 33. Nb7 Na4 34. R6b4 Nc3 35. Re1 d4 36. Rxd4 Qxb7 37. Rh4+ Kg7 38. Rc4 Nd5 39. Rd4 Qb3 40. Red1 Nf6 41. R4d3 Qb2 42. h3 Ne4 43. Rf3 Nd2 44. Re3 Qc2 45. Rde1 Nc4 46. R3e2 Qd3 47. Re7+ Kh6 48. Rc7 Nd2 49. Rce7 Nc4 50. R7e4 Nd6 51. Rh4+ Kg7 52. Rb4 Nf5 53. Rb2 Qc3 54. Rbe2 Nd4 55. Re3 Qc2 56. Re4 Nf5 57. g3 Kh6 58. Kg2 Qd2 59. h4 Qd5 60. Kh2 Nd6 61. R4e2 Qc5 62. Rd1 Nf5 63. h5 gxh5 64. Re6+ Kg5 65. Re2 Qc4 66. Rde1 Kg4 67. Re4+ Qxe4 68. Rxe4+ Kg5 69. Kg2 Nh6 70. Kh3 Ng4 71. Kg2 Nf6 72. Ra4 Ng4 73. f3 Nf6 74. Ra5+ Kg6 75. Kh3 h6 76. Kh4 Nh7 77. Rxh5 Ng5 78. Rxg5+ hxg5+ 79. Kg4 1-0

[Event "December 12 Early 2023"]
[Site "https://www.chess.com"]
[Date "2023.12.12"]
[Round "10"]
[White "Melikhov, Evgeny V."]
[Black "Putnam, Liam"]
[Result "0-1"]
[Board "52"]
[TimeControl "180+1"]
[WhiteFideId "4122046"]
[BlackFideId "30938279"]
[WhiteElo "2422"]
[BlackElo "2823"]
[WhiteTeam "GRE"]
[BlackTeam "USA"]
[WhiteClock "0:00:00"]
[BlackClock "0:01:21"]

1. d4 e6 2. c4 Ke7 3. e4 Qe8 4. Nc3 Kd8 5. f3 f5 6. e5 Bb4 7. f4 Bxc3+ 8. bxc3 Ne7 9. Nf3 b6 10. a4 Bb7 11. a5 Qh5 12. Be2 h6 13. O-O Rg8 14. c5 bxc5 15. Qb3 Ba6 16. Bxa6 Nxa6 17. Qb7 Rb8 18. Qxa6 g5 19. Qxa7 Nc6 20. Qxc5 g4 21. Ne1 g3 22. h3 Qe2 23. Nf3 Ne7 24. a6 Nd5 25. a7 Ra8 26. Qa3 Qd3 27. Qb3 Nxc3 28. Qb7 Ke7 29. Ba3+ Kf7 30. Qxc7 Rgd8 31. Bc5 Ne2+ 32. Kh1 Nxf4 33. Rad1 Qe2 34. Rg1 Nxh3 35. d5 Rac8 36. Qd6 Rxc5 37. dxe6+ dxe6 38. Qxc5 Rxd1 39. a8=Q Nf2+ 40. Qxf2 gxf2 41. Qb7+ Kg6 42. Nh4+ Kg5 43. Qg7+ Kf4 44. g3+ Ke4 0-1

[Event "December 12 Early 2023"]
[Site "https://www.chess.com"]
[Date "2023.12.12"]
[Round "10"]
[White "Ginzburg, Yakov"]
[Black "Yeremyan, Alen"]
[Result "0-1"]
[Board "53"]
[TimeControl "180+1"]
[WhiteFideId "4157176"]
[BlackFideId "13308998"]
[WhiteElo "2555"]
[BlackElo "2803"]
[WhiteTeam "RUS"]
[BlackTeam "ARM"]
[WhiteClock "0:00:00"]
[BlackClock "0:01:26"]

1. d4 Nf6 2. c4 g6 3. Nc3 d5 4. cxd5 Nxd5 5. e4 Nxc3 6. bxc3 Bg7 7. Nf3 O-O 8. Be2 c5 9. Rb1 b6 10. O-O Bb7 11. Qd3 Qc7 12. d5 e5 13. c4 Nd7 14. Bg5 Qd6 15. h3 h6 16. Bh4 f5 17. Nd2 Rae8 18. Rbe1 f4 19. f3 g5 20. Bf2 h5 21. Nb1 Nf6 22. Nc3 a6 23. Rb1 Bc8 24. Na4 g4 25. Rxb6 Qd8 26. Bxc5 gxh3 27. Rf2 Nd7 28. Bxf8 Nxb6 29. Bxg7 Nxa4 30. Qa3 Bd7 31. c5 Qh4 32. gxh3 Bxh3 33. Qxa4 Qg3+ 34. Kh1 Rb8 35. Bf1 Qxf2 0-1

[Event "December 12 Early 2023"]
[Site "https://www.chess.com"]
[Date "2023.12.12"]
[Round "10"]
[White "Goltseva, Ekaterina"]
[Black "Brodsky, David"]
[Result "0-1"]
[Board "54"]
[TimeControl "180+1"]
[WhiteFideId "24173770"]
[BlackFideId "2073250"]
[WhiteElo "2549"]
[BlackElo "2792"]
[WhiteTeam "RUS"]
[BlackTeam "USA"]
[WhiteClock "0:00:00"]
[BlackClock "0:00:01"]

1. d4 a6 2. a4 h6 3. h4 d5 4. Nf3 Nf6 5. g3 Bf5 6. Bg2 e6 7. Nbd2 Nc6 8. c3 Bd6 9. b4 O-O 10. O-O e5 11. dxe5 Nxe5 12. Qb3 Nxf3+ 13. Nxf3 Re8 14. Qa2 Ne4 15. Bd2 c6 16. Nd4 Bh7 17. Rad1 Qf6 18. Qb2 Be5 19. e3 Nd6 20. f4 Nc4 21. Qc1 Bxd4 22. cxd4 Be4 23. Bh3 Qg6 24. Kh2 Qh5 25. g4 Qxh4 26. Be1 Qe7 27. Bg3 Bh7 28. Rde1 Qxb4 29. f5 Qxa4 30. Rf2 Qa3 31. Qb1 b5 32. e4 Qc3 33. e5 Qxd4 34. e6 fxe6 35. Rf4 Qd2+ 36. Rf2 Qc3 37. Rfe2 e5 38. Qd1 e4 39. Bg2 Qf6 40. Bf4 Qf7 41. Bh3 h5 42. Qd4 hxg4 43. Bxg4 Bxf5 44. Rg2 Bxg4 45. Rxg4 Re6 46. Reg1 Rh6+ 47. Bxh6 Qh5+ 48. Kg3 Qxh6 49. Kf2 Rf8+ 50. Ke2 Rf6 51. Qa7 Qh2+ 0-1

[Event "December 12 Early 2023"]
[Site "https://www.chess.com"]
[Date "2023.12.12"]
[Round "10"]
[White "Vakhidov, Shahzod"]
[Black "Gabrielian, Artur"]
[Result "0-1"]
[Board "55"]
[TimeControl "180+1"]
[WhiteFideId "14205270"]
[BlackFideId "4131002"]
[WhiteElo "2542"]
[BlackElo "2741"]
[WhiteTeam "UZB"]
[BlackTeam "RUS"]
[WhiteClock "0:00:01"]
[BlackClock "0:00:13"]

1. d4 Nf6 2. Nf3 g6 3. g3 Bg7 4. Bg2 O-O 5. c4 d6 6. O-O Nc6 7. Nc3 e5 8. dxe5 dxe5 9. Bg5 h6 10. Qxd8 Rxd8 11. Bxf6 Bxf6 12. Nd5 Kg7 13. Nxc7 Rb8 14. e4 Be6 15. Nxe6+ fxe6 16. Rfd1 Be7 17. Kf1 Bc5 18. Rxd8 Rxd8 19. Ke2 a5 20. Rd1 Rxd1 21. Kxd1 Bxf2 22. Ke2 Bc5 23. Ne1 Kf6 24. Nd3 Bd4 25. a3 a4 26. h3 Na5 27. Bf1 Nxc4 28. Kd1 b5 29. Be2 Ke7 30. Kc2 Kd6 31. g4 g5 32. Nb4 Ne3+ 33. Kc1 Kc5 34. Nd3+ Kb6 35. Kd2 Ka5 36. Nb4 Ng2 37. Bf1 Nf4 38. Kc2 Kb6 39. b3 Bc5 40. Na2 Bxa3 41. bxa4 bxa4 42. Nc3 Ka5 43. Nb5 Bc5 44. Nc7 Kb6 45. Ne8 a3 46. Nf6 Bd4 47. Kb3 Bc5 48. Ng8 Ng6 49. Nxh6 Nh4 50. Nf7 Nf3 51. Bc4 Nd2+ 52. Kc3 Nxc4 53. Kxc4 a2 54. Nxe5 a1=Q 55. Nd7+ Kc6 0-1

[Event "December 12 Early 2023"]
[Site "https://www.chess.com"]
[Date "2023.12.12"]
[Round "10"]
[White "Mindlin, Alon"]
[Black "Tikhonov, Viacheslav"]
[Result "1-0"]
[Board "56"]
[TimeControl "180+1"]
[WhiteFideId "2800071"]
[BlackFideId "44196407"]
[WhiteElo "2724"]
[BlackElo "2531"]
[WhiteTeam "ISR"]
[BlackTeam "RUS"]
[WhiteClock "0:02:05"]
[BlackClock "0:00:02"]

1. e4 c5 2. c3 g6 3. d4 cxd4 4. cxd4 d5 5. exd5 Nf6 6. Bc4 Bg7 7. Nc3 O-O 8. Nf3 Nbd7 9. O-O Nb6 10. Bb3 Nfxd5 11. Bg5 Bg4 12. h3 Bxf3 13. Qxf3 Nxc3 14. bxc3 Qd7 15. Rad1 e6 16. c4 Rac8 17. Qe2 Rfe8 18. Rfe1 Bxd4 19. Bf6 e5 20. c5 Rxc5 21. Qe4 Rcc8 22. Qh4 h5 23. g4 Nc4 24. gxh5 Qf5 25. hxg6 fxg6 26. Rxd4 exd4 27. Qh8+ Kf7 28. Qg7# 1-0

[Event "December 12 Early 2023"]
[Site "https://www.chess.com"]
[Date "2023.12.12"]
[Round "10"]
[White "Rogov, Matfey"]
[Black "Krysa, Leandro"]
[Result "1-0"]
[Board "57"]
[TimeControl "180+1"]
[WhiteFideId "44191308"]
[BlackFideId "116807"]
[WhiteElo "2528"]
[BlackElo "2720"]
[WhiteTeam "RUS"]
[BlackTeam "ARG"]
[WhiteClock "0:00:09"]
[BlackClock "0:00:05"]

1. e4 e5 2. Nf3 Nc6 3. Nc3 Nf6 4. d4 exd4 5. Nxd4 Bb4 6. Nxc6 bxc6 7. Bd3 d5 8. Bd2 O-O 9. O-O Rb8 10. Re1 Re8 11. exd5 Rxe1+ 12. Qxe1 cxd5 13. a3 Bf8 14. Rb1 h6 15. h3 c5 16. Bf4 Rb7 17. Qd2 Be6 18. b3 Re7 19. Re1 Qc8 20. Nb5 a6 21. Nd6 Qc6 22. Nf5 Bxf5 23. Rxe7 Bxd3 24. Rc7 Qe6 25. Qxd3 d4 26. Ra7 Nd5 27. Bg3 Nc3 28. Kh2 g5 29. Rxa6 Qd5 30. Qf3 Qd7 31. Ra8 Nd5 32. a4 Nb6 33. Rb8 Nd5 34. a5 Nb4 35. Qe4 Nc6 36. Ra8 Kg7 37. Be5+ f6 38. Bg3 Bd6 39. a6 Bxg3+ 40. fxg3 f5 41. Qf3 Ne5 42. Qb7 Kf6 43. Qxd7 Nxd7 44. Rd8 Nb6 45. a7 Ke7 46. Rb8 Nd5 47. a8=Q Kd6 48. Rd8+ 1-0

[Event "December 12 Early 2023"]
[Site "https://www.chess.com"]
[Date "2023.12.12"]
[Round "10"]
[White "Womacka, Mathias"]
[Black "Arslanov, Shamil"]
[Result "1-0"]
[Board "58"]
[TimeControl "180+1"]
[WhiteFideId "4611390"]
[BlackFideId "4192826"]
[WhiteElo "2527"]
[BlackElo "2717"]
[WhiteTeam "GER"]
[BlackTeam "RUS"]
[WhiteClock "0:00:14"]
[BlackClock "0:00:59"]

1. e4 d6 2. d4 e5 3. Nf3 Bg4 4. dxe5 Nc6 5. exd6 Bxd6 6. Be2 Qe7 7. h3 Bh5 8. Be3 O-O-O 9. Nbd2 Nf6 10. Nh4 Bxe2 11. Qxe2 Nxe4 12. Qg4+ Kb8 13. Qxe4 Qf6 14. O-O-O Rhe8 15. Qa4 Re5 16. Nhf3 Ra5 17. Qb3 a6 18. Nc4 Rb5 19. Qc3 Qg6 20. Nxd6 cxd6 21. Nd4 Rc5 22. Nxc6+ Rxc6 23. Qd3 Qxg2 24. Rhg1 Qf3 25. Ba7+ Kxa7 26. Qxf3 Rdc8 27. c3 Rb6 28. Rxg7 Rc7 29. Rxf7 Rc5 30. Rg7 Ra5 31. Rf7 Rxa2 32. Qe3 Rxb2 33. Rxd6 Rb1+ 34. Kc2 Rb2+ 35. Kd3 a5 36. Rxb6 Rxb6 37. Rf6 a4 38. Qxb6+ Kb8 39. Rf8# 1-0

[Event "December 12 Early 2023"]
[Site "https://www.chess.com"]
[Date "2023.12.12"]
[Round "10"]
[White "Kosteniuk, Alexandra"]
[Black "Reprintsev, Alexander"]
[Result "1-0"]
[Board "59"]
[TimeControl "180+1"]
[WhiteFideId "4128125"]
[BlackFideId "14100541"]
[WhiteElo "2704"]
[BlackElo "2517"]
[WhiteTeam "SUI"]
[BlackTeam "UKR"]
[WhiteClock "0:00:12"]
[BlackClock "0:00:02"]

1. Nf3 d5 2. g3 Nc6 3. d4 Bf5 4. Bg2 Nb4 5. Na3 e6 6. O-O h6 7. c4 Nf6 8. Ne5 c6 9. c5 a5 10. f3 Bh7 11. e4 Be7 12. Nb1 O-O 13. Nc3 Qc7 14. a3 Na6 15. Nd3 dxe4 16. fxe4 Rad8 17. Be3 b5 18. e5 Bxd3 19. Qxd3 Ng4 20. Qe2 Nxe3 21. Qxe3 b4 22. Ne4 bxa3 23. bxa3 a4 24. Rab1 Qa5 25. Nd6 Rb8 26. Bxc6 Rb3 27. Rxb3 axb3 28. Qxb3 Nxc5 29. Qb4 Qxb4 30. axb4 Nb3 31. d5 Nd4 32. b5 exd5 33. Bxd5 Bxd6 34. exd6 Nxb5 35. d7 Rd8 36. Rxf7 Nc7 37. Bc4 Kh7 38. h4 Kg6 39. Kg2 h5 40. Re7 Kf6 41. Rf7+ Kg6 42. g4 hxg4 43. Kg3 Ra8 44. Kxg4 Rb8 45. h5+ Kh6 46. Rf4 Rd8 47. Rd4 Kh7 48. Rd6 Kh8 49. Bd3 Kg8 50. Bf5 Kf8 51. Rc6 Nd5 52. Rc8 Ke7 53. Kg5 Nb6 54. Rxd8 Kxd8 55. Kg6 Nd5 56. Kxg7 Nf4 57. h6 Nh5+ 58. Kf7 1-0

[Event "December 12 Early 2023"]
[Site "https://www.chess.com"]
[Date "2023.12.12"]
[Round "10"]
[White "Erzhanov, Arman"]
[Black "Chinguun, Sumiya"]
[Result "1-0"]
[Board "60"]
[TimeControl "180+1"]
[WhiteFideId "4138821"]
[BlackFideId "4902572"]
[WhiteElo "2525"]
[BlackElo "2675"]
[WhiteTeam "KAZ"]
[BlackTeam "MGL"]
[WhiteClock "0:01:42"]
[BlackClock "0:01:49"]

1. e4 c5 2. Nf3 Nc6 3. Bb5 g6 4. O-O Bg7 5. c3 e5 6. d4 cxd4 7. cxd4 exd4 8. Bf4 Nge7 9. Bd6 O-O 10. Nbd2 a6 11. Bc4 b5 12. Bd5 Nxd5 13. Bxf8 Qxf8 14. exd5 Nb4 15. Nb3 Bb7 16. Nbxd4 Nxd5 17. Qd2 Nf6 18. Rfe1 Ne4 19. Qf4 Nc5 20. Rad1 Ne6 21. Nxe6 dxe6 22. Rd7 Bc6 23. Rc7 Bxf3 24. Qxf3 Bxb2 25. Rxf7 Qxf7 26. Qxa8+ Kg7 27. Qxa6 Bd4 28. Re2 Qf4 29. g3 Qc1+ 30. Kg2 Qc4 31. Qxe6 Qc5 32. Qe7+ Qxe7 33. Rxe7+ Kg8 34. Rb7 1-0

[Event "December 12 Early 2023"]
[Site "https://www.chess.com"]
[Date "2023.12.12"]
[Round "10"]
[White "Gavrilov, Maxim"]
[Black "Timerkhanov, Alexander"]
[Result "0-1"]
[Board "61"]
[TimeControl "180+1"]
[WhiteFideId "24271454"]
[BlackFideId "24177938"]
[WhiteElo "2515"]
[BlackElo "2668"]
[WhiteTeam "RUS"]
[BlackTeam "RUS"]
[WhiteClock "0:00:00"]
[BlackClock "0:01:35"]

1. d4 d5 2. c4 dxc4 3. e4 b5 4. a4 c6 5. axb5 cxb5 6. Nc3 a6 7. Nxb5 axb5 8. Rxa8 Bb7 9. Ra1 e6 10. Nf3 Nf6 11. e5 Ne4 12. Be2 Bb4+ 13. Kf1 Nc6 14. Be3 O-O 15. h4 Ne7 16. Ng5 Nf5 17. Nxe4 Bxe4 18. h5 f6 19. Kg1 Nxe3 20. fxe3 fxe5 21. dxe5 Qg5 22. Rh2 Bc5 23. Kh1 Bxe3 24. Qd6 Bd5 25. Bf3 Rxf3 26. Ra8+ Bxa8 27. Qxe6+ Rf7 28. Qc8+ Rf8 29. Qe6+ Kh8 0-1

[Event "December 12 Early 2023"]
[Site "https://www.chess.com"]
[Date "2023.12.12"]
[Round "10"]
[White "Hua, Lefong"]
[Black "Krzywda, Andrzej"]
[Result "1/2-1/2"]
[Board "62"]
[TimeControl "180+1"]
[WhiteFideId "2602253"]
[BlackFideId "1114565"]
[WhiteElo "2664"]
[BlackElo "2513"]
[WhiteTeam "CAN"]
[BlackTeam "POL"]
[WhiteClock "0:00:34"]
[BlackClock "0:00:14"]

1. d4 d5 2. c4 dxc4 3. Nf3 Nf6 4. e3 e6 5. Bxc4 c5 6. O-O Nc6 7. Nc3 a6 8. Bb3 b5 9. a3 Be7 10. Qe2 O-O 11. Rd1 Qc7 12. h3 Bb7 13. dxc5 Bxc5 14. Bd2 Rad8 15. Rac1 Qb6 16. Ba2 Rfe8 17. Be1 Bf8 18. Bb1 g6 19. Ne4 Nxe4 20. Bxe4 Bg7 21. Rxd8 Rxd8 22. Bc3 Bxc3 23. Rxc3 Ne7 24. Bxb7 Qxb7 25. Qc2 Nd5 26. Rc5 Rd7 27. Rc8+ Kg7 28. Qc6 Qxc6 29. Rxc6 Ra7 30. Nd4 e5 31. Nb3 Rc7 32. Rxa6 Rc2 33. Rd6 Rxb2 34. Rxd5 Rxb3 35. Rxe5 Rxa3 36. Rxb5 Ra1+ 37. Kh2 Ra2 38. Kg3 h5 39. h4 Ra7 40. Rb2 Re7 41. Kf4 Ra7 42. f3 Ra4+ 43. e4 Ra7 44. g4 Re7 45. g5 Ra7 46. Rb3 Ra1 47. Kg3 Rg1+ 48. Kh3 Rh1+ 49. Kg3 Rg1+ 50. Kh2 Ra1 51. Kg2 Ra2+ 52. Kg3 Ra1 53. Rb2 Rg1+ 54. Rg2 Ra1 55. Rh2 Rg1+ 56. Kf4 Ra1 57. Kg3 Ra3 58. Re2 Ra1 59. f4 Rg1+ 60. Rg2 Re1 61. e5 Re4 62. Rc2 Re3+ 63. Kg2 Re4 64. Kf3 Re1 65. Rc7 Kf8 66. Rc2 Rh1 67. Kg3 Rg1+ 68. Rg2 Re1 69. Rh2 Re3+ 70. Kf2 Ra3 71. Rh1 Ra2+ 72. Kf3 Ra3+ 73. Kg2 Ra2+ 74. Kg3 Ra3+ 75. Kf2 Ra2+ 76. Ke3 Ra3+ 77. Ke4 Ra4+ 78. Ke3 Ra3+ 79. Kd4 Ra4+ 80. Kd5 Rxf4 81. Rh2 Ra4 82. Rf2 Kg7 83. Rh2 Rb4 84. Kc5 Ra4 85. Kd6 Ra6+ 86. Kd5 Ra5+ 87. Kd6 Ra6+ 88. Kd5 Ra4 89. Kd6 Rd4+ 90. Kc5 Rd1 91. Rf2 Rh1 92. Rf4 Rd1 93. Kc6 Rd2 94. Kc5 Rd3 95. Kc6 Rd1 96. Kc5 Rd8 97. Kc4 Rd1 98. Kc5 Rg1 99. Kd5 Rd1+ 100. Ke4 Re1+ 101. Kd5 Rd1+ 102. Ke4 Re1+ 103. Kd5 Rd1+ 1/2-1/2

[Event "December 12 Early 2023"]
[Site "https://www.chess.com"]
[Date "2023.12.12"]
[Round "10"]
[White "Schnaider, Ilan"]
[Black "Dinu, Dumitru-Daniel"]
[Result "1-0"]
[Board "63"]
[TimeControl "180+1"]
[WhiteFideId "169013"]
[BlackFideId "1208403"]
[WhiteElo "2658"]
[BlackElo "2513"]
[WhiteTeam "ARG"]
[BlackTeam "ROU"]
[WhiteClock "0:00:04"]
[BlackClock "0:00:04"]

1. e4 c5 2. Nf3 d6 3. Bb5+ Nd7 4. a4 a6 5. Bc4 Ngf6 6. Nc3 g6 7. a5 Bg7 8. Bxf7+ Kxf7 9. Ng5+ Kg8 10. Ne6 Qe8 11. Nc7 Qf7 12. Nxa8 Ne5 13. O-O h5 14. f4 Neg4 15. Nb6 Kh7 16. h3 Nh6 17. d3 Be6 18. Be3 Nd7 19. f5 gxf5 20. exf5 Nxf5 21. Ne4 Qg6 22. Bf2 Nxb6 23. axb6 Rg8 24. Kh1 Bxb2 25. Qf3 Bxa1 26. Rxa1 Bd5 27. Rf1 Bxe4 28. dxe4 Ng7 29. e5 Ne6 30. Qxb7 Nf4 31. Rg1 d5 32. Qxe7+ Rg7 33. Qf6 Qe4 34. Be3 Qxe3 35. Qf5+ Ng6 36. Qxh5+ Qh6 37. Qf5 Qf4 38. Qh5+ Kg8 39. e6 Qe5 40. Qg4 Nf8 41. Qh4 Qxe6 42. Rf1 Qxb6 43. Qf4 Qb8 44. Qxb8 Rf7 45. Qg3+ Rg7 46. Qf4 Ng6 47. Qf6 Kh7 48. Qg5 Nf8 49. Qh5+ Kg8 50. Qxd5+ Kh8 51. Rxf8+ Kh7 52. Qh5# 1-0

[Event "December 12 Early 2023"]
[Site "https://www.chess.com"]
[Date "2023.12.12"]
[Round "10"]
[White "Souleidis, Georgios"]
[Black "Durucay, Uygar"]
[Result "0-1"]
[Board "64"]
[TimeControl "180+1"]
[WhiteFideId "4206827"]
[BlackFideId "44591560"]
[WhiteElo "2634"]
[BlackElo "2508"]
[WhiteTeam "GRE"]
[BlackTeam "TUR"]
[WhiteClock "0:00:00"]
[BlackClock "0:00:40"]

1. e4 c6 2. Nc3 d5 3. Nf3 dxe4 4. Nxe4 Nf6 5. Qe2 Nxe4 6. Qxe4 Be6 7. Be2 Nd7 8. O-O Nf6 9. Qe3 Bf5 10. c3 e6 11. d4 Bd6 12. Bd3 Bg6 13. Re1 O-O 14. Bxg6 hxg6 15. Ng5 Qc7 16. Qh3 c5 17. Be3 Nh5 18. Rad1 Rad8 19. a3 cxd4 20. Bxd4 Bf4 21. Ne4 b6 22. g3 Be5 23. Be3 Qc6 24. Qg2 Qb5 25. f4 Bb8 26. Qf2 e5 27. f5 Nf6 28. Nxf6+ gxf6 29. Rxd8 Rxd8 30. fxg6 fxg6 31. Qxf6 Qe8 32. Bh6 Rd7 33. Rxe5 Bxe5 0-1

[Event "December 12 Early 2023"]
[Site "https://www.chess.com"]
[Date "2023.12.12"]
[Round "10"]
[White "Wanyama, Harold"]
[Black "Ovetchkin, Roman"]
[Result "0-1"]
[Board "65"]
[TimeControl "180+1"]
[WhiteFideId "10000380"]
[BlackFideId "4119991"]
[WhiteElo "2507"]
[BlackElo "2629"]
[WhiteTeam "UGA"]
[BlackTeam "RUS"]
[WhiteClock "0:01:22"]
[BlackClock "0:01:24"]

1. d4 Nf6 2. c4 c5 3. d5 b5 4. cxb5 a6 5. bxa6 g6 6. Nc3 Bg7 7. g3 O-O 8. Bg2 d6 9. Nf3 Nbd7 10. Rb1 Nb6 11. b3 Bf5 12. Rb2 Ne4 13. Nxe4 Bxe4 14. Nh4 Bxg2 15. Nxg2 Bxb2 16. Bxb2 Rxa6 17. a3 Qa8 18. e4 e6 19. Qf3 exd5 20. h4 d4 21. h5 Re8 22. Rh4 Nd7 23. hxg6 fxg6 24. Bc1 d5 25. Kf1 dxe4 0-1

[Event "December 12 Early 2023"]
[Site "https://www.chess.com"]
[Date "2023.12.12"]
[Round "10"]
[White "JG-17"]
[Black "Novikov, Evgenij"]
[Result "1-0"]
[Board "67"]
[TimeControl "180+1"]
[BlackFideId "4125380"]
[WhiteElo "2485"]
[BlackElo "2604"]
[BlackTeam "RUS"]
[WhiteClock "0:00:20"]
[BlackClock "0:00:00"]

1. e4 c5 2. Nf3 g6 3. d4 cxd4 4. Nxd4 Bg7 5. c4 Nf6 6. Nc3 O-O 7. Be2 b6 8. O-O Bb7 9. f3 d6 10. Be3 Nc6 11. Rc1 Nxd4 12. Bxd4 Rc8 13. Nb5 a6 14. Nc3 Nd7 15. Bxg7 Kxg7 16. b4 Ne5 17. Qd4 f6 18. f4 Nf7 19. Bg4 e5 20. Qd3 Rc7 21. Be6 exf4 22. Bxf7 Rfxf7 23. Rxf4 Qc8 24. Ne2 b5 25. Qxd6 Rxc4 26. Rcf1 Rc6 27. Qd3 Re6 28. Nd4 Re5 29. Qg3 Qe8 30. Nf5+ Rxf5 31. exf5 g5 32. Rd4 Qe7 33. Rfd1 Qe2 34. Qf2 Qe5 35. Rd7 Bc6 36. Rxf7+ Kxf7 37. Qa7+ Kg8 38. Rd8+ Be8 39. Qf2 Qe7 40. Qd2 Qa7+ 41. Qd4 Qe7 42. h3 Kg7 43. Rd6 Bf7 44. Rxa6 h5 45. Ra7 Qe1+ 46. Kh2 h4 47. Qd3 Qe8 48. Rd7 Qe5+ 49. Kg1 Qa1+ 50. Qd1 Qxa2 51. Rd6 Qc4 52. Qd4 Qc1+ 53. Kh2 Qf4+ 54. Qxf4 gxf4 55. Rd4 Kh6 56. Rxf4 Kg5 57. Rf2 Bc4 58. Kg1 Bd3 59. Rd2 Bxf5 60. Rd5 Kf4 61. Rxb5 Bd3 62. Rb6 f5 63. Kf2 Ke5 64. Rh6 1-0

[Event "December 12 Early 2023"]
[Site "https://www.chess.com"]
[Date "2023.12.12"]
[Round "10"]
[White "Pak, Yevgeniy"]
[Black "Al-Tarboush, Ward"]
[Result "0-1"]
[Board "68"]
[TimeControl "180+1"]
[WhiteFideId "14201712"]
[BlackFideId "7601450"]
[WhiteElo "2477"]
[BlackElo "2602"]
[WhiteTeam "KAZ"]
[BlackTeam "NOR"]
[WhiteClock "0:00:17"]
[BlackClock "0:01:08"]

1. e4 e6 2. d4 d5 3. Nc3 Nf6 4. e5 Nfd7 5. f4 c5 6. Nf3 Nc6 7. Be3 a6 8. Qd2 b5 9. a3 Bb7 10. dxc5 Bxc5 11. Bxc5 Nxc5 12. b4 Ne4 13. Nxe4 dxe4 14. Ng5 Qxd2+ 15. Kxd2 Rd8+ 16. Ke3 Nd4 17. Rc1 Nf5+ 18. Ke2 Bd5 19. g4 Bc4+ 20. Kf2 e3+ 21. Ke1 Bd5 22. Rg1 Nd4 23. c3 h6 24. cxd4 hxg5 25. fxg5 Rxh2 26. Rg3 Rh1 27. Rxe3 Bc4 28. Kf2 Rxd4 29. Kg2 Bd5+ 30. Kg3 Rg1+ 31. Kf2 Rgxg4 32. Rc7 Rdf4+ 33. Ke1 Rg1 34. Rh3 Rgxf1+ 35. Kd2 R4f2+ 36. Ke3 Rf3+ 37. Rxf3 Rxf3+ 38. Kd4 Rxa3 39. Kc5 Rc3+ 40. Kb6 Rxc7 41. Kxc7 Ke7 0-1

[Event "December 12 Early 2023"]
[Site "https://www.chess.com"]
[Date "2023.12.12"]
[Round "10"]
[White "Mazurkiewicz, Michal"]
[Black "Assylov, Miras"]
[Result "1-0"]
[Board "69"]
[TimeControl "180+1"]
[WhiteFideId "1124943"]
[BlackFideId "13728873"]
[WhiteElo "2452"]
[BlackElo "2595"]
[WhiteTeam "POL"]
[BlackTeam "KAZ"]
[WhiteClock "0:00:33"]
[BlackClock "0:00:03"]

1. e4 c5 2. Nf3 e6 3. d3 Nc6 4. g3 d6 5. Bg2 Nf6 6. O-O Be7 7. Re1 O-O 8. c3 e5 9. h3 h6 10. d4 exd4 11. cxd4 d5 12. e5 Ne4 13. Nc3 cxd4 14. Nxe4 dxe4 15. Rxe4 Bf5 16. Rf4 Bh7 17. h4 Bc5 18. Bd2 Qe7 19. b4 Bb6 20. Qe1 Rfe8 21. a4 a5 22. b5 Nxe5 23. Nxe5 Qxe5 24. Qxe5 Rxe5 25. Bxb7 Rd8 26. Bf3 Bc2 27. Bd1 Bxd1 28. Rxd1 Re2 29. Kf1 d3 30. Rf3 f6 31. Be3 Bxe3 32. Rxe3 Rxe3 33. fxe3 Kf7 34. Ke1 Ke6 35. b6 Rb8 36. Rb1 Kd5 37. Kd2 Kc4 38. g4 g6 39. b7 f5 40. gxf5 gxf5 41. h5 f4 42. exf4 Kd4 43. f5 Ke5 44. Rb5+ Kf6 45. Kxd3 Kg5 46. f6+ Kxf6 47. Kc4 Ke6 48. Kc5 Kd7 49. Kb6 Rg8 50. Ka7 1-0

[Event "December 12 Early 2023"]
[Site "https://www.chess.com"]
[Date "2023.12.12"]
[Round "10"]
[White "Bogaudinov, Rushan"]
[Black "Iskusnyh, Sergei"]
[Result "0-1"]
[Board "70"]
[TimeControl "180+1"]
[WhiteFideId "4129288"]
[BlackFideId "4120027"]
[WhiteElo "2449"]
[BlackElo "2580"]
[WhiteTeam "RUS"]
[BlackTeam "RUS"]
[WhiteClock "0:00:01"]
[BlackClock "0:00:10"]

1. e4 e6 2. Nf3 d5 3. e5 c5 4. b4 d4 5. Bb2 Nc6 6. bxc5 Bxc5 7. Bd3 Nge7 8. O-O Ng6 9. Re1 O-O 10. Na3 a6 11. Qe2 b5 12. g3 Bb7 13. h4 h6 14. h5 Nge7 15. Qe4 Nf5 16. Qg4 Nce7 17. Be4 Bxe4 18. Qxe4 d3 19. g4 Qb6 20. gxf5 Bxf2+ 21. Kg2 Bxe1 22. Rxe1 Nxf5 23. Qxd3 Rfd8 24. Qe4 Rac8 25. d4 Qa5 26. Re2 b4 27. Nb1 Qxa2 28. c3 bxc3 29. Nxc3 Qb3 30. Nb1 a5 31. Ba1 a4 32. Nbd2 Qa2 33. Qb1 Qxb1 34. Nxb1 Rc1 35. Rb2 a3 36. Rb3 a2 37. Nc3 Rxa1 38. Ra3 Nxd4 39. Nxd4 Rxd4 40. Ra8+ Kh7 41. Nb5 Rb4 42. Nd6 Rb2+ 43. Kf3 g6 44. Nxf7 Rf1+ 45. Ke4 Rxf7 46. hxg6+ Kxg6 47. Rg8+ Kh5 48. Rg1 Rb1 49. Rg3 a1=Q 50. Rh3+ Kg6 51. Rg3+ Kh7 52. Rd3 Re1+ 53. Re3 Qa4+ 54. Kd3 Rd7+ 55. Kc3 Rc1+ 56. Kb2 Rc2+ 57. Kb1 Rd1# 0-1